 Dungeon Crawl Stone Soup version 0.31.0-11-ge490571c62 (webtiles) character file.

Game seed: 12359777368404873587

42 qw the Shooter (level 3, -1/20 HPs)
             Began as a Deep Elf Hunter on Feb 4, 2024.
             Slain by Terence
             ... wielding a +0 morningstar
              (10 damage)
             ... on level 2 of the Dungeon.
             The game lasted 00:00:04 (1256 turns).

qw the Shooter (Deep Elf Hunter)                    Turns: 1256, Time: 00:00:05

Health: -1/20      AC:  6    Str: 10    XL:     3   Next: 35%
Magic:  5/5        EV: 11    Int: 13    God:
Gold:   95         SH:  0    Dex: 18    Spells: 2/2 levels left

rFire   . . .        a - +0 shortbow
rCold   . . .        (shield currently unavailable)
rNeg    . . .        g - +0 ring mail
rPois   .            (no helmet)
rElec   .            (no cloak)
rCorr   .            (no gloves)
SInv    .            i - +0 pair of boots
Will    .....        (no amulet)
Stlth   +            (no ring)
HPRegen 0.23/turn    (no ring)
MPRegen 0.09/turn

%: no passive effects
@: no status effects
A: no striking features
a: no special abilities


You were on level 2 of the Dungeon.
You visited 1 branch of the dungeon, and saw 2 of its levels.

You collected 95 gold pieces.


   Skills:
 - Level 1.5 Fighting
 + Level 6.9 Ranged Weapons
 - Level 2.4 Dodging
 - Level 1.2 Stealth


You had 2 spell levels left.
You didn't know any spells.
Your spell library was empty.

Inventory:

Hand Weapons
 a - a +0 shortbow (weapon)
Armour
 g - a +0 ring mail (worn)
 i - a +0 pair of boots (worn)
Potions
 d - a potion of curing {unknown}
 f - a potion of magic {unknown}
 h - a potion of lignification {unknown}
 j - a potion of might

Dungeon Overview and Level Annotations

Branches:
Dungeon (2/15)

Altars:

Annotations:
D:2 Terence


Message History

Terence barely misses you.
A frilled lizard comes into view.
You shoot an arrow. The arrow barely misses Terence.
Terence misses you.
You shoot an arrow.
The arrow hits Terence but does no damage.
Terence is moderately wounded.
Terence closely misses you.
You shoot an arrow.
The arrow hits Terence but does no damage.
Terence is moderately wounded.
Terence closely misses you.
You shoot an arrow. The arrow hits Terence.
Terence is heavily wounded.
Terence closely misses you. The frilled lizard bites you. Terence misses you.
The frilled lizard bites you but does no damage.
You shoot an arrow. The arrow closely misses Terence.
Terence hits you with a +0 morningstar. The frilled lizard misses you.
You shoot an arrow. The arrow barely misses Terence.
Terence barely misses you.
The frilled lizard bites you but does no damage.
You shoot an arrow. The arrow barely misses Terence.
Terence hits you but does no damage. The frilled lizard barely misses you.
You shoot an arrow.
The arrow hits Terence but does no damage.
Terence is heavily wounded.
Terence misses you. The frilled lizard barely misses you. Terence misses you.
The frilled lizard misses you.
You shoot an arrow. The arrow hits Terence.
Terence is severely wounded.
Terence hits you with a +0 morningstar!
The frilled lizard bites you but does no damage.
You shoot an arrow. The arrow barely misses Terence.
Terence hits you with a +0 morningstar.
The frilled lizard bites you but does no damage.
You shoot an arrow. The arrow barely misses Terence.
Terence hits you with a +0 morningstar!
Ouch! That really hurt!
You die...
Terence says, "Rest in peace."

.. .# .# #. .# ...
### .##..# #..
.....
#.##.###l#)#.#.
#......@@.....[
####.##%##.####
#.##.# #.##.#
##.##.#
############...#.#
#................#
#.##########...###
#.# ##.##


You could see Terence and a frilled lizard.

Vanquished Creatures
  5 dart slugs
  3 bats
  2 endoplasms (D:1)
  6 goblins
  2 hobgoblins (D:1)
  4 kobolds (D:1)
  5 ball pythons (D:1)
  A frilled lizard (D:1)
  2 rats (D:1)
30 creatures vanquished.

Notes
Turn   | Place    | Note
-------+----------+-------------------------------------------
     0 | D:1      | qw the Deep Elf Hunter began the quest for the Orb.
     0 | D:1      | Reached XP level 1. HP: 12/12 MP: 3/3
     0 | D:1      | 0 ||| qw: Version: 0.3-a-160-g6735b56
     0 | D:1      | 0 ||| qw: Game counter: 5101
     0 | D:1      | 0 ||| qw: Melee chars always use a shield: true
     0 | D:1      | 0 ||| qw: God list: Okawaru
     0 | D:1      | 0 ||| qw: Allow faded altars: false
     0 | D:1      | 0 ||| qw: Do Orc after clearing Dungeon:15 true
     0 | D:1      | 0 ||| qw: Do second Lair branch before Depths: true
     0 | D:1      | 0 ||| qw: Lair rune preference: random
     0 | D:1      | 0 ||| qw: Goals: Normal
     0 | D:1      | 0 ||| PLANNING D:1-11
    56 | D:1      | Reached skill level 6 in Ranged Weapons
    56 | D:1      | Reached XP level 2. HP: 10/16 MP: 4/4
   483 | D:1      | Found a faded altar of an unknown god.
   530 | D:1      | Reached XP level 3. HP: 16/20 MP: 5/5
  1138 | D:1      | 1138 ||| UPGRADING to +0 ring mail.
  1148 | D:1      | 1148 ||| DROPPING +0 leather armour.
  1149 | D:1      | 1149 ||| UPGRADING to +0 pair of boots.
  1154 | D:1      | 1154 ||| READING scroll labelled NAMPOU WIPPISM.
  1155 | D:1      | 1155 ||| READING scroll labelled SYBIFOHEITY.
  1156 | D:1      | 1156 ||| DRINKING 2 fizzy ruby potions.
  1157 | D:1      | 1157 ||| DROPPING scroll of butterflies.
  1243 | D:2      | Noticed Terence
  1256 | D:2      | Slain by Terence

Levels and vault maps discovered:
D:1:      evilmike_arrival_hilbert_curve, layout_basic,
          dreamdust_ecumenical_altar_grove, serial_corexii_hall,
          corexii_hall_statues_u, corexii_hall_statues_u,
          corexii_hall_statues_t, minmay_octomino_c4
D:2:      layout_loops_ring, serial_bayou_pond_e, minmay_gold_behind_fungi,
          uniq_terence

Skill      XL: |  1 |
---------------+----+-----
Ranged Weapons | 6 |  6.9
Fighting       | |  1.5
Dodging        | |  2.4
Stealth        | |  1.2

Action                     || total
---------------------------++-------
   Fire: Shortbow          ||   101
    Use: Scroll            ||     2
         Potion            ||     1
 Armour: Leather armour    ||     8
         Ring mail         ||    14
  Dodge: Dodged            ||    26

Table legend:
 A = Non-vault XP
 B = Vault XP
 C = Vault XP percentage of total XP
 D = Non-vault monster count
 E = Vault monster count
 F = Vault count percentage of total count
                 A         B        C        D         E       F
            +---------+---------+-------+---------+---------+-------
      Total |      45 |      16 |  26.2 |      23 |       7 |  23.3
            +---------+---------+-------+---------+---------+-------
        D:1 |      39 |      16 |  29.1 |      20 |       7 |  25.9
        D:2 |       6 |       0 |   0.0 |       3 |       0 |   0.0
            +---------+---------+-------+---------+---------+-------
